AoeStats
← darador86

Highland

506759140Analyzed
4v4 RM · 19d ago on Sep 15, 2026· 35m 46s· 8 players
Game mode
Random Map
Map size
Large (8 player)
Population
200
Speed
Normal
Resources
Standard
Victory
Conquest
Starting age
Dark Age
Ending age
Imperial Age
RankedLock teamsTeams togetherTeam positionsShared explorationLock speedFull tech treeHidden civsTurbo modeCheats
Victory
Defeat
🇧🇷 Huns · Brazil
852
+6
🇦🇷 Spanish · Argentina
834
+6
🇦🇷 Magyars · Argentina
762
+8
🇺🇸 Japanese · United States
754
+9
🇦🇷 Huns · Argentina
718
-11
🇺🇸 Franks · United States
639
-8
🇧🇷 Britons · Brazil
520
-5
🇮🇩 Chinese · Indonesia
478
-5
VBOS
0:37 Loom
13:05 Feudal Age
24:11 Castle Age
Big E
9:54 Loom
11:42 Feudal Age
15:25 Double-Bit Axe
15:33 Gold Mining
17:14 Wheelbarrow
18:26 Scale Barding Armor
18:32 Forging
24:25 Castle Age
28:21 Hand Cart
darador86
13:43 Feudal Age
13:57 Loom
15:22 Horse Collar
15:29 Double-Bit Axe
15:35 Stone Mining
15:36 Gold Mining
17:12 Wheelbarrow
19:06 Fishing Lines
21:43 Castle Age
22:20 Padded Archer Armor
22:10 Fletching
22:32 Forging
22:22 Scale Mail Armor
22:27 Scale Barding Armor
25:11 Clinker Construction
25:12 Careening
25:24 Ballistics
25:45 Bow Saw
26:15 Gold Shaft Mining
26:51 Town Watch
27:45 Murder Holes
Roosevelt
0:50 Loom
13:27 Feudal Age
18:24 Double-Bit Axe
23:39 Castle Age
26:20 Medium Warships
alexgolan
0:48 Loom
17:04 Feudal Age
17:27 Horse Collar
17:35 Double-Bit Axe
17:43 Stone Mining
24:26 Fletching
25:22 Wheelbarrow
29:12 Castle Age
27:09 Gold Mining
27:21 Scale Mail Armor
27:32 Forging
30:31 Heavy Plow
30:44 Bow Saw
31:16 Gold Shaft Mining
31:47 Chain Mail Armor
32:08 Iron Casting
31:29 Bodkin Arrow
31:30 Pikeman
32:12 Squires
HaweN
10:54 Feudal Age
16:40 Castle Age
15:15 Double-Bit Axe
18:35 Loom
19:40 Fishing Lines
20:11 Stone Mining
26:23 Horse Collar
29:08 Heavy Plow
29:50 Gillnets
33:08 Scale Barding Armor
33:15 Forging
33:50 Marauders
34:55 Wheelbarrow
34:13 Gold Mining
36:07 Iron Casting
Kayan
0:54 Loom
10:30 Feudal Age
12:33 Double-Bit Axe
15:32 Wheelbarrow
18:32 Horse Collar
19:56 Loom
21:47 Stone Mining
21:48 Gold Mining
24:18 Castle Age
22:03 Fishing Lines
22:26 Fishing Lines
25:47 Bow Saw
25:51 Gillnets
33:51 Pikeman
34:31 Squires
34:17 Arson
35:44 Hand Cart
35:41 Heavy Plow
ChinoCorso
13:10 Feudal Age
11:28 Loom
15:21 Double-Bit Axe
16:14 Wheelbarrow
16:21 Horse Collar
16:36 Gold Mining
17:01 Stone Mining
18:21 Arson
20:23 Bloodlines
21:11 Scale Barding Armor
21:32 Town Watch
22:40 Fletching
22:51 Padded Archer Armor
22:52 Scale Mail Armor
27:17 Castle Age
29:18 Husbandry
28:40 Light Cavalry
29:45 Chain Barding Armor
31:25 Hand Cart
31:14 Heavy Plow
31:32 Bow Saw
31:25 Caravan
36:10 Town Patrol
Connection lost

Rejoining the realm…

Still unreachable

The connection could not be restored.

Session expired

The server has moved on; the page needs a fresh start.